 Dungeon Crawl Stone Soup version 0.32-a0-350-g4f4d228785 (webtiles) character file.

Game seed: 7102835473287594464

809 Sobieck the Chopper (level 7, 0/61 HPs)
             Began as a Mountain Dwarf Fighter on Feb 17, 2024.
             Was an Initiate of Gozag.
             Slain by a gnoll
             ... wielding a +0 spear
              (3 damage)
             ... on level 5 of the Dungeon.
             The game lasted 00:05:10 (4257 turns).

Sobieck the Chopper (Mountain Dwarf Fighter)        Turns: 4257, Time: 00:05:11

Health: 0/61       AC: 13    Str: 20    XL:     7   Next: 61%
Magic:  7/7        EV:  5    Int: 15    God:    Gozag
Gold:   271        SH:  4    Dex:  9    Spells: 6/6 levels left

rFire   . . .        a - +0 war axe
rCold   . . .        c - +0 buckler
rNeg    . . .        o - +0 plate armour
rPois   .            (no helmet)
rElec   .            (no cloak)
rCorr   .            (no gloves)
SInv    .            r - +0 pair of boots
Will    .....        (no amulet) Stlth
                     p - +6 ring of intelligence
HPRegen 0.30/turn    (no ring)
MPRegen 0.10/turn

%: no passive effects
@: gold aura
A: runic magic, artefact enchanting
a: Renounce Religion, Potion Petition, Call Merchant, Bribe Branch


You were on level 5 of the Dungeon.
You worshipped Gozag.
Gozag was aware of your devotion.
You visited 1 branch of the dungeon, and saw 5 of its levels.

You collected 301 gold pieces.
You paid 30 gold pieces to Gozag.

Inventory:

Hand Weapons
 a - a +0 war axe (weapon)
Missiles
 j - 37 stones
 k - 3 poisoned darts (quivered)
Armour
 b - a +0 scale mail
 c - a +0 buckler (worn)
 i - an orb of light
 o - a +0 plate armour (worn)
 r - a +0 pair of boots (worn)
Jewellery
 f - a +5 ring of evasion
 p - a +6 ring of intelligence (left hand)
Scrolls
 s - a scroll of fear
Potions
 d - a potion of might
 e - 2 potions of lignification {unknown}
 g - a potion of cancellation
 h - a potion of attraction
 l - a potion of degeneration {unknown}
 q - a potion of heal wounds {unknown}
 t - 3 potions of ambrosia
 u - a potion of resistance {unknown}


   Skills:
 + Level 5.3 Fighting
 * Level 7.1 Axes
 + Level 5.3 Armour
 - Level 5.0 Shields


You had 6 spell levels left.
You didn't know any spells.
Your spell library contained the following spells:

 Spells                   Type           Power      Damage    Failure   Level
 Lesser Beckoning         Tloc           0%         N/A       73%         2
 Gell's Gravitas          Tloc           0%         N/A       91%         3
 Teleport Other           Tloc           0%         N/A       91%         3


Dungeon Overview and Level Annotations

Branches:
Dungeon (5/15)
 Temple: D:4-7

Altars:
Fedhas
Gozag
Yredelemnul


Innate Abilities, Weirdness & Mutations

Your spellcasting is much less encumbered by armour.
You can use scrolls of enchantment on lesser artefacts.


Message History

The iguana is lightly wounded.
You closely miss the gnoll. The iguana barely misses you.
The gnoll hits you with a +0 club.
* * * LOW HITPOINT WARNING * * *
The gnoll completely misses you.
You hit the iguana.
The iguana is lightly wounded.
You barely miss the gnoll.
The iguana bites you but does no damage.
The gnoll barely misses you. The gnoll hits you but does no damage.
Unknown command.
You closely miss the iguana.
The iguana is lightly wounded.
You barely miss the gnoll. The iguana bites you.
* * * LOW HITPOINT WARNING * * *
The gnoll hits you from afar with a +0 spear!
* * * LOW HITPOINT WARNING * * *
The gnoll hits you with a +0 club.
* * * LOW HITPOINT WARNING * * *
You hit the iguana.
The iguana is moderately wounded.
You barely miss the gnoll.
The iguana bites you but does no damage.
The gnoll barely misses you. The gnoll hits you with a +0 club.
* * * LOW HITPOINT WARNING * * *
The gnoll hits you but does no damage. The gnoll hits you with a +0 club.
* * * LOW HITPOINT WARNING * * *
You block the iguana's attack.
You hit the iguana.
The iguana is heavily wounded.
You hit the gnoll but do no damage.
The iguana bites you but does no damage.
You block the gnoll's attack.
The gnoll hits you from afar with a +0 spear.
* * * LOW HITPOINT WARNING * * *
Unknown command.
You hit the iguana.
The iguana is almost dead.
You hit the gnoll but do no damage. The iguana barely misses you.
The gnoll hits you but does no damage. x2
Unknown command.
You hit the iguana but do no damage.
The iguana is severely wounded.
You hit the gnoll but do no damage.
The iguana bites you but does no damage.
The gnoll hits you with a +0 club.
* * * LOW HITPOINT WARNING * * *
The gnoll hits you from afar with a +0 spear.
You die...
Your body crumbles into a pile of gold.

##. ## #..
#.###
####.###.....
.....>....##
.####...#.....#
.......$gg.....
#..@# ##l## #<#
#.......#
##...#### ##.
.. ##


You could see an iguana and 2 gnolls.

Vanquished Creatures
  A sky beast (D:4)
  An ogre (D:3)
  2 phantoms (D:4)
  A scorpion (D:4)
  A bombardier beetle (D:4)
  2 orc priests
  2 hounds (D:4)
  An iguana (D:4)
  An orc wizard (D:4)
  5 gnolls
  5 adders
  A dart slug (D:1)
  4 orcs
  9 ball pythons
  4 bats
  6 endoplasms
  2 giant cockroaches
  7 goblins
  5 hobgoblins
  6 quokkas
  3 frilled lizards
  7 kobolds
  10 rats
86 creatures vanquished.

Notes
Turn   | Place    | Note
-------+----------+-------------------------------------------
     0 | D:1      | Sobieck the Mountain Dwarf Fighter began the quest for the
                  | Orb.
     0 | D:1      | Reached XP level 1. HP: 19/19 MP: 1/1
   222 | D:1      | Reached XP level 2. HP: 25/26 MP: 2/2
   228 | D:1      | Reached skill level 3 in Axes
   473 | D:1      | Reached XP level 3. HP: 31/31 MP: 3/3
  1071 | D:2      | Reached XP level 4. HP: 22/40 MP: 4/4
  1356 | D:2      | Reached skill level 4 in Axes
  1417 | D:2      | Found a basalt altar of Yredelemnul.
  1731 | D:3      | Noticed an ogre
  1742 | D:3      | Killed an ogre
  1743 | D:3      | Reached XP level 5. HP: 13/46 MP: 5/5
  1998 | D:3      | Found an opulent altar of Gozag.
  2124 | D:3      | Found a blossoming altar of Fedhas.
  2412 | D:3      | Became a worshipper of Gozag Ym Sagoz the Greedy
  2567 | D:4      | Reached skill level 5 in Axes
  2595 | D:4      | Reached XP level 6. HP: 40/53 MP: 6/6
  3269 | D:4      | Reached skill level 6 in Axes
  3269 | D:4      | Reached XP level 7. HP: 51/60 MP: 7/7
  3768 | D:4      | Reached skill level 7 in Axes
  4235 | D:5      | Entered Level 5 of the Dungeon
  4257 | D:5      | HP: 3/61 [gnoll/+0 club (1)]
  4257 | D:5      | Slain by a gnoll

Illustrated notes

Levels and vault maps discovered:
D:1:      minmay_arrival_up_and_down, layout_loops_corners, st_stairs_8,
          kennysheep_nondescript, amcnicky_mini_corridor_feature
D:2:      layout_basic, basic_altar, minmay_misc_feat_tower,
          serial_park_tiny_pond
D:3:      layout_loops_ring, mainiacjoe_overflow_catch_the_wave
D:4:      cheibrodos_old_hovel, layout_gridville
D:5:      layout_loops_ring, serial_shops, nicolae_shop_tiny_glass

Skill      XL: |  1  2  3  4  5  6  7 |
---------------+----------------------+-----
Axes           | 3 4 5 6 7 |  7.1
Fighting       | 4 5 |  5.3
Armour         | 4 5 |  5.3
Shields        | 4 5 |  5.0

Action                     |  1- 3 |  4- 6 |  7- 9 || total
---------------------------+-------+-------+-------++-------
  Melee: War axe           |    98 |   139 |    89 ||   326
  Throw: Dart              |       |     3 |       ||     3
    Use: Scroll            |       |     6 |     3 ||     9
         Potion            |       |       |     5 ||     5
 Armour: Scale mail        |    98 |     8 |       ||   106
         Plate armour      |       |   107 |   115 ||   222
  Dodge: Dodged            |    57 |    38 |    28 ||   123
  Block: Buckler           |    26 |    22 |    18 ||    66

Table legend: (Time is in decaauts)
 A = Elapsed time spent in this place.
 B = Non-inter-level travel time spent in this place.
 C = Inter-level travel time spent in this place.
 D = Time resting spent in this place.
 E = Time spent auto-exploring this place.
 F = Levels seen in this place.
 G = Mean time per level.
                   A        B        C        D        E       F      G
               +--------+--------+--------+--------+--------+-----+--------+
         Total |   4351 |   4076 |    275 |    525 |   2797 |   5 |  870.2 |
       Dungeon |   4351 |   4076 |    275 |    525 |   2797 |   5 |  870.2 |
               +--------+--------+--------+--------+--------+-----+--------+

Top non-repeatable levels by time:
     D:4: 1582 daAuts
     D:1: 1071 daAuts
     D:3: 1044 daAuts
     D:2: 626 daAuts
     D:5: 25 daAuts
